 Dungeon Crawl Stone Soup version 0.25.1-2-g60ff931df9 (webtiles) character file.

Game seed: 4331557335261080223

30 Exodus22XD the Sneak (level 3, 14/14 HPs)
             Began as a Felid Enchanter on Oct 11, 2020.
             Quit the game on level 2 of the Dungeon.
             The game lasted 00:07:35 (1828 turns).

Exodus22XD the Sneak (Felid Enchanter)              Turns: 1828, Time: 00:07:36

Health: 14/14      AC:  1    Str:  4    XL:     3   Next: 5%
Magic:  7/7        EV: 18    Int: 16    God:
Gold:   122        SH:  0    Dex: 17    Spells: 0/6 levels left
                                        Lives:  0   Deaths: 1

rFire    . . .     SeeInvis +     - Unarmed
rCold    . . .     Gourm    .   (shield unavailable)
rNeg     . . .     Faith    .   (armour unavailable)
rPois    .         Spirit   .   (helmet unavailable)
rElec    .         Reflect  .   (cloak unavailable)
rCorr    .         Harm     .   (gloves unavailable)
MR       .....                  (boots unavailable)
Stlth    ++++......             c - amulet of regeneration
HPRegen  0.44/turn              (no ring)
MPRegen  0.10/turn              (no ring)

@: quick
A: very small, no armour, no weapons or thrown items, stealth, claws 1, fangs 3,
see invisible, carnivore, speed 1, shaggy fur 1, slow metabolism 1, sharp paws
a: no special abilities


You were on level 2 of the Dungeon.
You were not hungry.

You visited 1 branch of the dungeon, and saw 2 of its levels.

You collected 122 gold pieces.

Inventory:

Jewellery
 c - an amulet of regeneration (around neck)
Scrolls
 a - a scroll of enchant weapon {unknown}
 d - 5 scrolls of identify {unknown}
 g - 2 scrolls of teleportation {unknown}
 i - 2 scrolls of remove curse {unknown}
 j - a scroll of noise {unknown}
Potions
 e - a potion of curing {unknown}
 h - a potion of flight {unknown}
Comestibles
 b - a ration
 f - 2 chunks of flesh


   Skills:
 - Level 2.6 Dodging
 + Level 7.0 Stealth
 - Level 1.0 Unarmed Combat
 - Level 2.0 Spellcasting
 - Level 4.4 Hexes


You couldn't memorise any spells.
You knew the following spells:

 Your Spells              Type           Power        Failure   Level  Hunger
a - Corona                Hex            ###....      3%          1    #......
b - Ensorcelled Hibernat  Hex/Ice        #.....       13%         2    ###....
c - Confusing Touch       Hex            ###.....     11%         3    ###....

Your spell library contained the following spells:

 Spells                   Type           Power        Failure   Level  Hunger
 Tukima's Dance           Hex            ###.....     11%         3    ###....
 Dazzling Flash           Conj/Hex       #.....       26%         3    ###....


Dungeon Overview and Level Annotations

Branches:
Dungeon (2/15)

Altars:

Annotations:
D:2 Sigmund


Innate Abilities, Weirdness & Mutations

You cannot wear armour.
You are incapable of wielding weapons or throwing items.
Your paws allow you to move quietly. (Stealth)
You have sharp claws.
You have razor-sharp teeth.
You have supernaturally acute eyesight. (SInv)
You are carnivorous and can eat meat at any time.
You cover ground quickly.
You are covered in fur. (AC +1)
You have a slow metabolism.
Your sharp claws are effective at attacking unaware monsters.


Message History

You catch the helpless Sigmund completely off-guard!
You claw Sigmund!
Sigmund is severely wounded.
Sigmund seems less confused.
Sigmund barely misses you.
You scratch Sigmund.
Sigmund is almost dead.
Casting: Confusing Touch (extremely dangerous; 11% risk of failure)
Confirm with . or Enter, or press ? or * to list all spells.
Aiming: Ensorcelled Hibernation (safe; 13% risk of failure)
Press: ? - help, Shift-Dir - straight line, f/p - Sigmund
Aim: Sigmund, wielding a +0 scythe and wearing a +0 robe (almost dead, chance to defeat MR: 49%) Sigmund resists with some effort.
Sigmund misses you.
Some of the chunks of flesh in your inventory have rotted away.
Sigmund casts a spell at you. The puff of flame hits you!
Ouch! That really hurt!
You die...
You are now level 3!
You rejoin the land of the living...
Are you sure you want to abandon this character and quit the game? (Confirm with "yes".)

#.......# #>.......###...#
#. ##......#
####.#...###.#.###. #......#
#.#.#........### #......#
#.#.#####......#
#......######.#.# #####...
#.........##..#.# #..#
#......##....#..# ##..
#....@.###.....###########..
#......# ##@................
#......# #..########.#.....
######## #### #)#.<...
###....##. ###.).......
#####.....###..#
##......######..#
###..##..####......
###.............###..


There were no monsters in sight!

Vanquished Creatures
  3 adders
  2 worms
  A dart slug (D:1)
  2 bat zombies (D:1)
  5 giant cockroaches
  4 goblins
  2 hobgoblins
  2 jackals (D:2)
  3 quokkas (D:2)
  4 bats (D:1)
  A frilled lizard (D:1)
  2 kobolds
  8 rats
39 creatures vanquished.

Notes
Turn   | Place    | Note
-------+----------+-------------------------------------------
     0 | D:1      | Exodus22XD the Felid Enchanter began the quest for the Orb.
     0 | D:1      | Reached XP level 1. HP: 7/7 MP: 4/4
   255 | D:1      | Reached XP level 2. HP: 11/11 MP: 4/6
   257 | D:1      | Reached skill level 5 in Stealth
   296 | D:1      | Learned a level 2 spell: Ensorcelled Hibernation
  1108 | D:1      | Reached skill level 6 in Stealth
  1108 | D:1      | Reached XP level 3. HP: 12/14 MP: 0/7
  1551 | D:2      | Reached XP level 4. HP: 18/18 MP: 8/8
  1591 | D:2      | Learned a level 3 spell: Confusing Touch
  1613 | D:2      | Reached skill level 7 in Stealth
  1699 | D:2      | Noticed Sigmund
  1827 | D:2      | Killed from afar by Sigmund
  1828 | D:2      | Reached XP level 3. HP: 0/14 MP: 0/7
  1828 | D:2      | Quit the game

Illustrated notes

Levels and vault maps discovered:
D:1:      saegor_arrival_fortress, layout_basic
D:2:      layout_rooms, uniq_sigmund

Skill      XL: |  1  2  3  4 |
---------------+-------------+-----
Stealth        | 6 7 |  7.0
Dodging        | |  2.6
Unarmed Combat | |  1.0
Spellcasting   | |  2.0
Hexes          | |  4.4

Action                   |  1- 3 |  4- 6 || total
-------------------------+-------+-------++-------
Melee: Unarmed           |   124 |    21 ||   145
       Bite              |     3 |     3 ||     6
 Cast: Corona            |    22 |     1 ||    23
       Ensorcelled Hiber |    10 |     4 ||    14
       Confusing Touch   |       |     1 ||     1
 Stab: Sleeping          |    20 |     2 ||    22
       Confused          |       |     1 ||     1
  Eat: Chunk             |    10 |     1 ||    11
Armor: Skin              |    17 |       ||    17
Dodge: Dodged            |   141 |    17 ||   158
